 Dungeon Crawl Stone Soup version 0.27-a0-1256-gced786f65e (webtiles) character file.

Game seed: 13829919163525840428

481 porpoise the Conjurer (level 6, -2/32 HPs)
             Began as a Deep Elf Conjurer on June 11, 2021.
             Was an Initiate of Ashenzari.
             Slain by Pikel
             ... wielding a +2 whip of electrocution
              (12 damage)
             ... on level 4 of the Dungeon.
             The game lasted 00:15:20 (3746 turns).

porpoise the Conjurer (Deep Elf Conjurer)           Turns: 3746, Time: 00:15:21

Health: -2/32      AC:  3    Str:  5    XL:     6   Next: 87%
Magic:  0/15       EV: 16    Int: 24    God:    Ashenzari [......]
Gold:   167        SH:  5    Dex: 13    Spells: 4/15 levels left

rFire    . . .     SeeInvis .   b - +0 hunting sling
rCold    . . .     Faith    .   l - +0 buckler of Ouranomancy {Range, Fort} (curse)
rNeg     . . .     Spirit   .   c - +0 robe
rPois    .         Reflect  .   k - +0 hat
rElec    .         Harm     .   u - scarf {repulsion}
rCorr    .         Rampage  .   i - +0 pair of gloves
Will     +....                  (no boots)
Stlth    ++........             (no amulet)
HPRegen  0.10/turn              d - ring of willpower
MPRegen  0.14/turn              j - +4 ring of evasion

@: repel missiles
A: no striking features
a: Renounce Religion, Shatter the Chains


You were on level 4 of the Dungeon.
You worshipped Ashenzari.
Ashenzari was noncommittal.
You visited 1 branch of the dungeon, and saw 4 of its levels.

You collected 167 gold pieces.

Inventory:

Hand Weapons
 a - a +1 dagger of speed
 b - a +0 hunting sling (weapon)
Missiles
 g - 91 stones
 r - 26 sling bullets (quivered ammo)
 t - 21 arrows
Armour
 c - a +0 robe (worn)
 i - a +0 pair of gloves (worn)
 k - a +0 hat (worn)
 l - the cursed +0 buckler of Ouranomancy (worn) {Range, Fort}
   (You found it on level 1 of the Dungeon)

   It has a curse which improves the following skills: Ranged Combat: Slings,
   Bows, Crossbows and Throwing.
   Fortitude: Armour and Shields.
 u - a scarf of repulsion (worn)
Jewellery
 d - a ring of willpower (left hand)
 f - a +6 ring of strength
 j - a +4 ring of evasion (right hand)
Scrolls
 e - 3 scrolls of amnesia
 m - a scroll of noise
 p - 2 scrolls of summoning
 s - a scroll of silence
Potions
 h - 3 potions of curing
 n - a potion of flight
 o - 2 potions of haste
 q - a potion of resistance


   Skills:
 - Level 2.4 Dodging
 - Level 2.4 Stealth
 + Level 3.2(3.7) Shields
 - Level 5.0 Spellcasting
 - Level 7.0 Conjurations
 + Level 0.6 Translocations


You had 4 spell levels left.
You knew the following spells:

 Your Spells              Type           Power      Damage    Failure   Level
a - Magic Dart            Conj           100%       1d8       1%          1
b - Searing Ray           Conj           78%        3d6       1%          2
c - Iskenderun's Mystic   Conj/Tloc      24%        2d7       19%         4
d - Fulminant Prism       Conj/Hex       11%        3d9       22%         4

Your spell library contained the following spells:

 Spells                   Type           Power      Damage    Failure   Level
 Dazzling Flash           Conj/Hex       44%        N/A       6%          3


Dungeon Overview and Level Annotations

Branches:
Dungeon (4/15)
 Temple: D:4-7

Altars:
Ashenzari

Annotations:
D:4 Pikel


Message History

(Press . to maintain the ray.) Pikel completely misses you.
The lemure barely misses you.
Fire: 94 stones
Press: ? - help, Q - select action, (/) - cycle Shift-Dir - straight line, f/p - Pikel
Aim: Pikel, wielding a +2 whip of electrocution and wearing a +0 robe (almost dead, 47% to hit)
You shoot a stone. The stone hits Pikel.
Pikel is almost dead.
Pikel closely misses you. The lemure misses you.
Fire: 93 stones
Press: ? - help, Q - select action, (/) - cycle Shift-Dir - straight line, f/p - Pikel
Aim: Pikel, wielding a +2 whip of electrocution and wearing a +0 robe (almost dead, 47% to hit)
You shoot a stone. The stone closely misses Pikel.
Pikel hits you with a +2 whip of electrocution!
The lemure hits you.
Fire: 92 stones
Press: ? - help, Q - select action, (/) - cycle Shift-Dir - straight line, f/p - Pikel
Aim: Pikel, wielding a +2 whip of electrocution and wearing a +0 robe (almost dead, 47% to hit)
You shoot a stone. The stone closely misses Pikel.
Pikel says, "You'll feel the lick of my whip!"
Pikel barely misses you. You block the lemure's attack.
Unknown command.
Fire: 27 sling bullets
Press: ? - help, Q - select action, (/) - cycle Shift-Dir - straight line, f/p - Pikel
Aim: Pikel, wielding a +2 whip of electrocution and wearing a +0 robe (almost dead, 47% to hit)
You shoot a sling bullet. The sling bullet barely misses Pikel.
Pikel barely misses you. The lemure hits you.
Pikel hits you with a +2 whip of electrocution!
* * * LOW HITPOINT WARNING * * *
The lemure completely misses you.
You feel better. You block Pikel's attack. The lemure hits you.
Casting: Searing Ray (safe; 1% risk of failure)
Confirm with . or Enter, or press ? or * to list all spells.
Aiming: Magic Dart (safe; 1% risk of failure)
Press: ? - help, Shift-Dir - straight line, f/p - Pikel
Aim: Pikel, wielding a +2 whip of electrocution and wearing a +0 robe (almost dead, 100% to hit)
The magic dart hits Pikel but does no damage.
Pikel is almost dead.
Pikel hits you with a +2 whip of electrocution.
You are electrocuted!
You die...

####.# #.##.#
##'##.######
###...........
5.#......##.#
#.#......##.#
###.#......##.#
#...#5.....##.#
#(.K@.....#.#
#.##.##...#.#
###.##........#
#......##..#.)#####.
#...##.##..#.........
#..........)#########.
......##.##..##......
. ......
#.##.....#####.#
#####.##.............
# #


You could see Pikel and a lemure.

Vanquished Creatures
  Menkaure (D:4)
  A sky beast (D:3)
  3 lemures (D:4)
  2 hounds
  An orc priest (D:2)
  A hound skeleton (D:4)
  5 gnolls
  4 adders
  2 worms (D:2)
  4 dart slugs
  3 orcs (D:2)
  9 endoplasms
  4 giant cockroaches
  7 goblins
  3 hobgoblins (D:2)
  5 kobolds
  2 quokkas
  6 ball pythons
  2 bats (D:1)
  3 frilled lizards
  4 rats
72 creatures vanquished.

Notes
Turn   | Place    | Note
-------+----------+-------------------------------------------
     0 | D:1      | porpoise the Deep Elf Conjurer began the quest for the Orb.
     0 | D:1      | Reached XP level 1. HP: 10/10 MP: 6/6
   268 | D:1      | Reached XP level 2. HP: 15/15 MP: 4/8
   306 | D:1      | Learned a level 2 spell: Searing Ray
   887 | D:1      | Reached skill level 5 in Conjurations
   887 | D:1      | Reached XP level 3. HP: 19/19 MP: 5/10
  1423 | D:2      | Found a broken altar of Ashenzari.
  1489 | D:2      | Became a worshipper of Ashenzari the Shackled
  1774 | D:2      | Reached XP level 4. HP: 18/24 MP: 3/12
  1892 | D:2      | Reached skill level 5 in Spellcasting
  1897 | D:2      | Learned a level 4 spell: Iskenderun's Mystic Blast
  1902 | D:2      | Learned a level 4 spell: Fulminant Prism
  2024 | D:2      | Reached skill level 1 in Shields
  2123 | D:2      | Reached XP level 5. HP: 28/28 MP: 11/14
  2152 | D:2      | Found a faded altar of an unknown god.
  2648 | D:3      | Reached skill level 6 in Conjurations
  2870 | D:3      | Noticed a sky beast
  2877 | D:3      | Killed a sky beast
  2878 | D:3      | Reached XP level 6. HP: 25/32 MP: 7/15
  3412 | D:4      | Noticed Menkaure
  3416 | D:4      | Killed Menkaure
  3417 | D:4      | Reached skill level 7 in Conjurations
  3726 | D:4      | Noticed Pikel
  3746 | D:4      | Slain by Pikel

Illustrated notes

Levels and vault maps discovered:
D:1:      dpeg_arrival_arbitrary_a, layout_loops_corners
D:2:      layout_basic, basic_altar, basic_ecumenical_altar
D:3:      layout_rooms, minmay_misc_feat_hallway
D:4:      layout_basic, serial_co_window_serial, co_window_paths_a,
          co_window_paths_a, co_window_cross_1, co_window_paths_a,
          co_window_corner_a, co_window_paths_b, co_window_paths_a,
          co_window_of_opportunity_c, co_window_paths_c,
          co_window_unsneaky_path_c, co_window_corner_cb, co_window_corner_cb,
          co_window_2corner, co_window_paths_d, uniq_pikel, uniq_menkaure

Skill      XL: |  1  2  3  4  5  6 |
---------------+-------------------+-----
Spellcasting   | 4 5 |  5.0
Conjurations   | 5 6 7 |  7.0
Shields        | 1 2 3 |  3.2
Dodging        | |  2.4
Stealth        | |  2.4
Translocations | |  0.6

Action                   |  1- 3 |  4- 6 || total
-------------------------+-------+-------++-------
 Fire: Hunting sling     |       |     5 ||     5
 Cast: Magic Dart        |    44 |    35 ||    79
       Searing Ray       |     7 |    24 ||    31
Invok: Curse Item        |       |     1 ||     1
  Use: Potion            |       |     1 ||     1
Armor: Robe              |     1 |     2 ||     3
Dodge: Dodged            |    11 |    11 ||    22
Block: Buckler           |       |     4 ||     4

Table legend: (Time is in decaauts)
 A = Elapsed time spent in this place.
 B = Non-inter-level travel time spent in this place.
 C = Inter-level travel time spent in this place.
 D = Time resting spent in this place.
 E = Time spent auto-exploring this place.
 F = Levels seen in this place.
 G = Mean time per level.
                   A        B        C        D        E       F      G
               +--------+--------+--------+--------+--------+-----+--------+
         Total |   3742 |   3618 |    124 |   1283 |   1941 |   4 |  935.5 |
       Dungeon |   3742 |   3618 |    124 |   1283 |   1941 |   4 |  935.5 |
               +--------+--------+--------+--------+--------+-----+--------+

Top non-repeatable levels by time:
     D:1: 1401 daAuts
     D:2: 1149 daAuts
     D:3: 625 daAuts
     D:4: 565 daAuts
